TOP OF THE 1ST |
Rice University Owls batting - Pitching for University of Arizona Wildcats : RHP Ai-de Zhào
|
Pitching: RHP Ai-de Zhào
|
|
Batting: RHB Caleb Mercer
|
0-0: Ball 1-0: Ball 2-0: Called Strike 2-1: Called Strike 2-2: Ground out 6-3 (Groundball, 56, EV 105.6 MPH)
|
Batting: RHB Javier Quinones
|
0-0: Ball 1-0: Ball 2-0: Ball 3-0: Base on Balls
|
Batting: RHB Jose Soto
|
0-0: Ball 1-0: Ball 2-0: Ball 3-0: Base on Balls Javier Quinones to second
|
Batting: SHB Ken Wilson
|
0-0: Called Strike 0-1: Foul Ball, location: 2F 0-2: Fly out, F9 (Flyball, 89M, EV 84.4 MPH)
|
Batting: RHB Neil Worth
|
0-0: Ball 1-0: Foul Ball, location: 2F 1-1: Called Strike 1-2: Ball 2-2: Fielders Choice at 2nd, 6-4 (Groundball, 6, EV 108.8 MPH)
|
Top of the 1st over - 0 runs, 0 hits, 0 errors, 2 left on base; Rice University 0 - University of Arizona 0 |
BOTTOM OF THE 1ST |
University of Arizona Wildcats batting - Pitching for Rice University Owls : RHP Daniel Bushby
|
Pitching: RHP Daniel Bushby
|
|
Batting: RHB Eddy Amaya
|
0-0: Hit by Pitch
|
Batting: RHB Ron Dondale
|
0-0: Ball Eddy Amaya steals 2nd base 1-0: Called Strike 1-1: Ball 2-1: Foul Ball, location: 2F 2-2: Foul Ball, location: 2F 2-2: Ball 3-2: Fly out, F9 (Flyball, 9D, EV 101.9 MPH) Runner from 2nd tags up, SAFE at 3rd, no throw by RF
|
Batting: LHB Pascal Noël
|
0-0: Foul Ball, location: 2F 0-1: Called Strike 0-2: Ball 1-2: Ball 2-2: Strikes out looking
|
Batting: RHB Larry Harlow
|
0-0: Ball 1-0: Ball 2-0: Ball 3-0: Called Strike 3-1: Foul Ball, location: 2F 3-2: Ground out 5-3 (Groundball, 56S, EV 66.2 MPH)
|
Bottom of the 1st over - 0 runs, 0 hits, 0 errors, 1 left on base; Rice University 0 - University of Arizona 0 |
TOP OF THE 2ND |
Rice University Owls batting - Pitching for University of Arizona Wildcats : RHP Ai-de Zhào
|
Batting: LHB Chris Gonzales
|
0-0: Ball 1-0: Foul Ball, location: 2F 1-1: Foul Ball, location: 2F 1-2: Reached on error, E5 (Groundball, 56, EV 93.1 MPH)
|
Batting: RHB Allen Jarvis
|
0-0: Called Strike 0-1: Fly out, F8 (Flyball, 78XD, EV 109.4 MPH)
|
Batting: LHB Aldred Lieshout
|
0-0: Ball 1-0: Ball Chris Gonzales steals 2nd base 2-0: Foul Ball, location: 2F 2-1: DOUBLE (Line Drive, 7LD, EV 108.1 MPH) Chris Gonzales scores
|
Batting: RHB Emanuel Pulido
|
0-0: Ball 1-0: Called Strike 1-1: Ball 2-1: Swinging Strike 2-2: Strikes out swinging, 2-3 out at first.
|
Batting: RHB Caleb Mercer
|
0-0: Foul Ball, location: 2F 0-1: Ball 1-1: Ball 2-1: Foul Ball, location: 2F 2-2: Ball 3-2: SINGLE (Groundball, 6S, EV 75.0 MPH) (infield hit) Aldred Lieshout to third
|
Batting: RHB Javier Quinones
|
0-0: Ball 1-0: SINGLE (Groundball, 4MS, EV 64.4 MPH) (infield hit) Aldred Lieshout scores Caleb Mercer to second
|
Batting: RHB Jose Soto
|
0-0: Called Strike 0-1: Ball 1-1: Called Strike 1-2: DOUBLE (Line Drive, 9LM, EV 102.5 MPH) Caleb Mercer scores Javier Quinones to third Runner from 3rd tries for Home, SAFE, throw by RF to home
|
Batting: SHB Ken Wilson
|
0-0: Ball Wild Pitch! Jose Soto to third 1-0: Swinging Strike 1-1: Foul Ball, location: 2F 1-2: Ball 2-2: Ball 3-2: SINGLE (Flyball, 78S, EV 99.4 MPH) Jose Soto scores
|
Batting: RHB Neil Worth
|
0-0: Ball 1-0: Ground out 4-3 (Groundball, 34, EV 90.6 MPH)
|
Top of the 2nd over - 5 runs, 5 hits, 1 error, 1 left on base; Rice University 5 - University of Arizona 0 |
BOTTOM OF THE 2ND |
University of Arizona Wildcats batting - Pitching for Rice University Owls : RHP Daniel Bushby
|
Batting: LHB Lihau Keawe
|
0-0: Ground out 6-3 (Groundball, 6S, EV 85.0 MPH)
|
Batting: SHB Pat Kidd
|
0-0: Called Strike 0-1: Foul Ball, location: 2F 0-2: Ball 1-2: Foul Ball, location: 2F 1-2: Ball 2-2: Ball 3-2: Strikes out swinging
|
Batting: RHB Mark Walters
|
0-0: Called Strike 0-1: Ground out 6-3 (Groundball, 6, EV 87.5 MPH)
|
Bottom of the 2nd over - 0 runs, 0 hits, 0 errors, 0 left on base; Rice University 5 - University of Arizona 0 |
TOP OF THE 3RD |
Rice University Owls batting - Pitching for University of Arizona Wildcats : RHP Ai-de Zhào
|
Batting: LHB Chris Gonzales
|
0-0: Called Strike 0-1: Foul Ball, location: 2F 0-2: SOLO HOME RUN (Flyball, 89XD, EV 98.1 MPH), Distance : 377 ft
|
Pitching: LHP Matt Waterbury
|
|
Batting: RHB Allen Jarvis
|
0-0: Called Strike 0-1: Foul Ball, location: 2F 0-2: Ground out 4-3 (Groundball, 4, EV 103.1 MPH)
|
Batting: LHB Aldred Lieshout
|
0-0: Ball 1-0: Ball 2-0: Ball 3-0: Called Strike 3-1: Called Strike 3-2: Strikes out swinging
|
Batting: RHB Emanuel Pulido
|
0-0: Called Strike 0-1: Foul Ball, location: 2F 0-2: Ball 1-2: Strikes out swinging
|
Top of the 3rd over - 1 run, 1 hit, 0 errors, 0 left on base; Rice University 6 - University of Arizona 0 |
BOTTOM OF THE 3RD |
University of Arizona Wildcats batting - Pitching for Rice University Owls : RHP Daniel Bushby
|
Batting: LHB Jere Paatelainen
|
0-0: Called Strike 0-1: Swinging Strike 0-2: Strikes out swinging
|
Batting: RHB Carlos Maravilla
|
0-0: Ball 1-0: Ground out 6-3 (Groundball, 6, EV 110.6 MPH)
|
Batting: RHB Eddy Amaya
|
0-0: Ball 1-0: Foul Ball, location: 2F 1-1: Ground out 6-3 (Groundball, 6, EV 85.0 MPH)
|
Bottom of the 3rd over - 0 runs, 0 hits, 0 errors, 0 left on base; Rice University 6 - University of Arizona 0 |
TOP OF THE 4TH |
Rice University Owls batting - Pitching for University of Arizona Wildcats : LHP Matt Waterbury
|
Batting: RHB Caleb Mercer
|
0-0: Ball 1-0: Called Strike 1-1: Swinging Strike 1-2: Strikes out looking
|
Batting: RHB Javier Quinones
|
0-0: Foul Ball, location: 2F 0-1: Called Strike 0-2: Ground out 6-3 (Groundball, 6, EV 80.6 MPH)
|
Batting: RHB Jose Soto
|
0-0: Ball 1-0: Foul Ball, location: 2F 1-1: Fly out, F9 (Flyball, 9LS, EV 84.4 MPH)
|
Top of the 4th over - 0 runs, 0 hits, 0 errors, 0 left on base; Rice University 6 - University of Arizona 0 |
BOTTOM OF THE 4TH |
University of Arizona Wildcats batting - Pitching for Rice University Owls : RHP Daniel Bushby
|
Batting: RHB Ron Dondale
|
0-0: Called Strike 0-1: Swinging Strike 0-2: Ball 1-2: Strikes out swinging
|
Batting: LHB Pascal Noël
|
0-0: Ball 1-0: Ground out 4-3 (Groundball, 4D, EV 103.8 MPH)
|
Batting: RHB Larry Harlow
|
0-0: Foul Ball, location: 2F 0-1: Ball 1-1: Ball 2-1: Fly out, F5 (Popup, 5, EV 71.2 MPH)
|
Bottom of the 4th over - 0 runs, 0 hits, 0 errors, 0 left on base; Rice University 6 - University of Arizona 0 |
TOP OF THE 5TH |
Rice University Owls batting - Pitching for University of Arizona Wildcats : LHP Matt Waterbury
|
Batting: SHB Ken Wilson
|
0-0: Ball 1-0: Foul Ball, location: 2F 1-1: Swinging Strike 1-2: Foul Ball, location: 2F 1-2: Strikes out swinging
|
Batting: RHB Neil Worth
|
0-0: Foul Ball, location: 2F 0-1: Ball 1-1: Fly out, F8 (Flyball, 89M, EV 88.1 MPH)
|
Batting: LHB Chris Gonzales
|
0-0: Ball 1-0: Foul Ball, location: 2F 1-1: SINGLE (Groundball, 56D, EV 101.9 MPH)
|
Batting: RHB Allen Jarvis
|
0-0: Ball 1-0: Ball 2-0: Ball 3-0: Base on Balls Chris Gonzales to second
|
Batting: LHB Aldred Lieshout
|
0-0: Called Strike 0-1: Called Strike 0-2: Ball 1-2: Ball 2-2: Fielders Choice at 2nd, 6-4 (Groundball, 6, EV 87.5 MPH)
|
Top of the 5th over - 0 runs, 1 hit, 0 errors, 2 left on base; Rice University 6 - University of Arizona 0 |
BOTTOM OF THE 5TH |
University of Arizona Wildcats batting - Pitching for Rice University Owls : RHP Daniel Bushby
|
Batting: LHB Lihau Keawe
|
0-0: Ball 1-0: Ball 2-0: Ground out 6-3 (Groundball, 6M, EV 78.8 MPH)
|
Batting: SHB Pat Kidd
|
0-0: Ground out 4-3 (Groundball, 4, EV 90.0 MPH)
|
Batting: RHB Mark Walters
|
0-0: Ball 1-0: Ball 2-0: Ball 3-0: Called Strike 3-1: Ground out 5-3 (Groundball, 5S, EV 70.6 MPH)
|
Bottom of the 5th over - 0 runs, 0 hits, 0 errors, 0 left on base; Rice University 6 - University of Arizona 0 |
TOP OF THE 6TH |
Rice University Owls batting - Pitching for University of Arizona Wildcats : LHP Matt Waterbury
|
Pitching: RHP Chris Obloy
|
|
Batting: RHB Emanuel Pulido
|
0-0: Called Strike 0-1: Called Strike 0-2: Foul Ball, location: 2F 0-2: Fly out, F9 (Flyball, 9LD, EV 92.5 MPH)
|
Batting: RHB Caleb Mercer
|
0-0: Swinging Strike 0-1: Ball 1-1: Foul Ball, location: 2F 1-2: Ball 2-2: Ground out 6-3 (Groundball, 6, EV 106.2 MPH)
|
Batting: RHB Javier Quinones
|
0-0: Ball 1-0: Called Strike 1-1: Called Strike 1-2: SOLO HOME RUN (Flyball, 7D, EV 96.9 MPH), Distance : 368 ft
|
Batting: RHB Jose Soto
|
0-0: Ball 1-0: Swinging Strike 1-1: Foul Ball, location: 2F 1-2: Fly out, F8 (Flyball, 89M, EV 89.4 MPH)
|
Top of the 6th over - 1 run, 1 hit, 0 errors, 0 left on base; Rice University 7 - University of Arizona 0 |
BOTTOM OF THE 6TH |
University of Arizona Wildcats batting - Pitching for Rice University Owls : RHP Daniel Bushby
|
Batting: LHB Jere Paatelainen
|
0-0: Swinging Strike 0-1: Ground out U3 (Groundball, 3, EV 80.0 MPH)
|
Batting: RHB Carlos Maravilla
|
0-0: Swinging Strike 0-1: Ball 1-1: Ground out 6-3 (Groundball, 6MS, EV 83.1 MPH)
|
Batting: RHB Eddy Amaya
|
0-0: Ball 1-0: Ball 2-0: Swinging Strike 2-1: Fly out, F7 (Flyball, 7D, EV 86.2 MPH)
|
Bottom of the 6th over - 0 runs, 0 hits, 0 errors, 0 left on base; Rice University 7 - University of Arizona 0 |
TOP OF THE 7TH |
Rice University Owls batting - Pitching for University of Arizona Wildcats : RHP Chris Obloy
|
Pitching: RHP Rogelio Chavez
|
|
Batting: SHB Ken Wilson
|
0-0: Ball 1-0: Ball 2-0: Called Strike 2-1: Foul Ball, location: 2F 2-2: Strikes out swinging
|
Batting: RHB Neil Worth
|
0-0: Called Strike 0-1: Called Strike 0-2: Ball 1-2: Ball 2-2: Ball 3-2: Base on Balls
|
Batting: LHB Chris Gonzales
|
0-0: Foul Ball, location: 2F 0-1: Ball 1-1: Foul Ball, location: 2F 1-2: Strikes out swinging
|
Batting: RHB Allen Jarvis
|
0-0: Foul Ball, location: 2F 0-1: Foul Ball, location: 2F 0-2: Ball 1-2: Ball 2-2: Strikes out looking
|
Top of the 7th over - 0 runs, 0 hits, 0 errors, 1 left on base; Rice University 7 - University of Arizona 0 |
BOTTOM OF THE 7TH |
University of Arizona Wildcats batting - Pitching for Rice University Owls : RHP Daniel Bushby
|
Batting: RHB Ron Dondale
|
0-0: Ball 1-0: Ball 2-0: Foul Ball, location: 2F 2-1: SINGLE (Line Drive, 34, EV 103.1 MPH)
|
Batting: LHB Pascal Noël
|
0-0: Called Strike 0-1: Ball 1-1: Ground out 4-3 (Groundball, 4D, EV 101.2 MPH) Ron Dondale to second
|
Batting: RHB Larry Harlow
|
0-0: Called Strike 0-1: Ball 1-1: Ball 2-1: Ball 3-1: Base on Balls
|
Pinch Hitting: SHB George Grace
|
0-0: SINGLE (Groundball, 56D, EV 95.0 MPH) Ron Dondale to third Larry Harlow to second Runner from 3rd tries for Home, throw by LF and OUT! 7-2
|
Pinch Hitting: LHB Gerald Thornton
|
0-0: Foul Ball, location: 2F 0-1: Ball 1-1: Ball 2-1: SINGLE (Flyball, 6D, EV 92.5 MPH) Larry Harlow to third George Grace to second Runner from 3rd tries for Home, throw by CF and OUT! 8-2
|
Bottom of the 7th over - 0 runs, 3 hits, 0 errors, 2 left on base; Rice University 7 - University of Arizona 0 |
TOP OF THE 8TH |
Rice University Owls batting - Pitching for University of Arizona Wildcats : RHP Rogelio Chavez
|
Now in LF: Gerald Thornton
|
|
Now in RF: Kevin Verret
|
|
Batting: LHB Aldred Lieshout
|
0-0: Ball 1-0: Called Strike 1-1: Foul Ball, location: 2F 1-2: SINGLE (Groundball, 34D, EV 111.2 MPH)
|
Pitching: LHP Victor Silva
|
|
Batting: RHB Emanuel Pulido
|
0-0: Swinging Strike 0-1: SINGLE (Line Drive, 89S, EV 102.5 MPH) Aldred Lieshout to second
|
Batting: RHB Caleb Mercer
|
0-0: Ball 1-0: Called Strike 1-1: Called Strike 1-2: Fly out, F9 (Flyball, 9, EV 91.2 MPH)
|
Batting: RHB Javier Quinones
|
0-0: Swinging Strike 0-1: Foul Ball, location: 2F 0-2: Ball 1-2: Ball 2-2: Ball 3-2: Foul Ball, location: 2F 3-2: Base on Balls Aldred Lieshout to third Emanuel Pulido to second
|
Batting: RHB Jose Soto
|
0-0: Swinging Strike 0-1: Ball 1-1: Fly out, F8 (Flyball, 89D, EV 80.6 MPH) Runner from 3rd tags up, SCORES, throw by CF Emanuel Pulido to third
|
Batting: SHB Ken Wilson
|
0-0: Called Strike 0-1: SINGLE (Groundball, 56D, EV 103.1 MPH) Emanuel Pulido scores Javier Quinones to second
|
Batting: RHB Neil Worth
|
0-0: Foul Ball, location: 2F 0-1: Foul Ball, location: 2F 0-2: Strikes out looking
|
Top of the 8th over - 2 runs, 3 hits, 0 errors, 2 left on base; Rice University 9 - University of Arizona 0 |
BOTTOM OF THE 8TH |
University of Arizona Wildcats batting - Pitching for Rice University Owls : RHP Daniel Bushby
|
Batting: RHB Mark Walters
|
0-0: Ball 1-0: Called Strike 1-1: Foul Ball, location: 2F 1-2: Strikes out swinging
|
Pitching: RHP Bill Lightheart
|
|
Batting: LHB Jere Paatelainen
|
0-0: Ball 1-0: Swinging Strike 1-1: Ball 2-1: Called Strike 2-2: Strikes out swinging
|
Batting: RHB Carlos Maravilla
|
0-0: Foul Ball, location: 2F 0-1: Ball 1-1: Foul Ball, location: 2F 1-2: Ball 2-2: Ball 3-2: Fly out, F4 (Line Drive, 4, EV 68.1 MPH)
|
Bottom of the 8th over - 0 runs, 0 hits, 0 errors, 0 left on base; Rice University 9 - University of Arizona 0 |
TOP OF THE 9TH |
Rice University Owls batting - Pitching for University of Arizona Wildcats : LHP Victor Silva
|
Batting: LHB Chris Gonzales
|
0-0: Called Strike 0-1: Ball 1-1: Ball 2-1: Called Strike 2-2: Fly out, F7 (Flyball, 78S, EV 89.4 MPH)
|
Batting: RHB Allen Jarvis
|
0-0: Ball 1-0: Foul Ball, location: 2F 1-1: Ball 2-1: Ball 3-1: Base on Balls
|
Pitching: RHP Steve Smit
|
|
Batting: LHB Aldred Lieshout
|
0-0: Ball 1-0: Foul Ball, location: 2F 1-1: Grounds into double play, 6-4-3 (Groundball, 6, EV 80.0 MPH)
|
Top of the 9th over - 0 runs, 0 hits, 0 errors, 0 left on base; Rice University 9 - University of Arizona 0 |
BOTTOM OF THE 9TH |
University of Arizona Wildcats batting - Pitching for Rice University Owls : RHP Bill Lightheart
|
Batting: RHB Eddy Amaya
|
0-0: Fly out, F8 (Flyball, 8LD, EV 86.9 MPH)
|
Batting: RHB Ron Dondale
|
0-0: Called Strike 0-1: Fly out, F8 (Flyball, 8RD, EV 96.9 MPH)
|
Batting: LHB Pascal Noël
|
0-0: SINGLE (Groundball, 4MD, EV 101.9 MPH)
|
Batting: RHB Larry Harlow
|
0-0: Ground out 4-3 (Groundball, 34, EV 93.8 MPH)
|
Bottom of the 9th over - 0 runs, 1 hit, 0 errors, 1 left on base; Rice University 9 - University of Arizona 0 |
|